 Dungeon Crawl Stone Soup version 0.27-a0-1378-gdefffd1ff6 (webtiles) character file.

Game seed: 11913093430896244448

1421 night the Magician (level 8, -8/54 HPs)
             Began as an Octopode Ice Elementalist on June 30, 2021.
             Was an Initiate of Gozag.
             Mangled by a wyvern zombie (15 damage)
             ... on level 6 of the Dungeon.
             The game lasted 00:14:20 (7507 turns).

night the Magician (Octopode Ice Elementalist)      Turns: 7507, Time: 00:14:21

Health: -8/54      AC:  1    Str:  8    XL:     8   Next: 72%
Magic:  15/16      EV: 13    Int: 19    God:    Gozag
Gold:   329        SH:  0    Dex: 12    Spells: 7/18 levels left

rFire    . . .     SeeInvis .   g - +1 dagger (elec)
rCold    . . .     Faith    .   (no shield)
rNeg     . . .     Spirit   .   (helmet restricted)
rPois    .         Reflect  .   (no amulet)
rElec    .         Harm     .   (no ring)
rCorr    .         Rampage  .   (no ring)
Will     .....                  (no ring)
Stlth    +++.......             (no ring)
HPRegen  0.18/turn              (no ring)
MPRegen  0.15/turn              (no ring)
                                (no ring)
                                (no ring)

@: gold aura
A: almost no armour, amphibious, 8 rings, camouflage 1, gelatinous body 1,
(nimble swimmer 1), tentacles
a: Renounce Religion, Potion Petition, Call Merchant, Bribe Branch


You were on level 6 of the Dungeon.
You worshipped Gozag.
Gozag was aware of your devotion.
You visited 1 branch of the dungeon, and saw 6 of its levels.

You collected 755 gold pieces.
You spent 330 gold pieces at shops.
You paid 96 gold pieces to Gozag.

Inventory:

Hand Weapons
 f - a +1 dagger of holy wrath
 g - a +1 dagger of electrocution (weapon)
Missiles
 a - 13 boomerangs
 e - 111 stones
 k - 31 poisoned darts
Wands
 c - a wand of polymorph (3)
Scrolls
 b - 2 scrolls of vulnerability
 d - 3 scrolls of identify
 j - 2 scrolls of teleportation
Potions
 i - 2 potions of lignification
 l - a potion of attraction {unknown}
 m - 3 potions of curing
 n - a potion of heal wounds {unknown}


   Skills:
 + Level 4.8 Fighting
 + Level 5.0 Short Blades
 - Level 2.0 Dodging
 - Level 2.6 Stealth
 + Level 5.8 Spellcasting
 + Level 2.1 Conjurations
 - Level 5.4 Ice Magic


You had 7 spell levels left.
You knew the following spells:

 Your Spells              Type           Power      Damage    Failure   Level
a - Freeze                Ice            100%       1d11      1%          1
b - Frozen Ramparts       Ice            52%        1d7       3%          3
c - Ozocubu's Armour      Ice            26%        N/A       3%          3
d - Iskenderun's Mystic   Conj/Tloc      9%         2d4       58%         4

Your spell library contained the following spells:

 Spells                   Type           Power      Damage    Failure   Level
 Magic Dart               Conj           52%        1d5       4%          1
 Searing Ray              Conj           26%        3d4       7%          2
 Animate Skeleton         Necr           10%        N/A       12%         1
 Pain                     Necr           20%        1d5       12%         1
 Dazzling Flash           Conj/Hex       18%        N/A       22%         3
 Hailstorm                Conj/Ice       19%        3d6       24%         4
 Vampiric Draining        Necr           2%         2d6       34%         3
 Fulminant Prism          Conj/Hex       4%         3d6       58%         4
 Metabolic Englaciation   Hex/Ice        7%         N/A       71%         5
 Animate Dead             Necr           2%         N/A       75%         4
 Agony                    Necr           5%         N/A       97%         5


Dungeon Overview and Level Annotations

Branches:
Dungeon (6/15)
 Temple: D:4-7

Altars:
Gozag

Shops:
D:1 :   D:4 *

Annotations:
D:4 1 runed translucent door, tirwA's ghost, novice BaBe


Innate Abilities, Weirdness & Mutations

You cannot wear most types of armour.
You are amphibious.
You can wear up to eight rings at the same time.
Your skin changes colour to match your surroundings (Stealth+).
Your rubbery body absorbs attacks. (AC +1, EV +1)
((You are camouflaged near water. (Stealth+)))
You have tentacles for arms and can constrict up to eight enemies at once.


Message History

Your icy armour cracks and falls away as you move.
A wyvern zombie comes into view.
You see here 11 gold pieces.
You hear the quick rusting of a very distant drain.
The wyvern zombie closely misses you. The wyvern zombie bites you.
You hit the wyvern zombie but do no damage.
The wyvern zombie misses you.
You hit the wyvern zombie. Your squeeze misses the wyvern zombie.
The wyvern zombie is lightly damaged.
The wyvern zombie closely misses you.
You hit the wyvern zombie but do no damage.
The wyvern zombie is lightly damaged.
The wyvern zombie barely misses you.
You hit the wyvern zombie but do no damage.
The wyvern zombie is lightly damaged.
The wyvern zombie bites you!
You hit the wyvern zombie.
Lightning courses through the wyvern zombie!
The wyvern zombie is moderately damaged.
The wyvern zombie bites you!
You hit the wyvern zombie but do no damage.
You squeeze the wyvern zombie.
The wyvern zombie is heavily damaged.
The wyvern zombie misses you.
You completely miss the wyvern zombie.
The wyvern zombie is heavily damaged.
The wyvern zombie bites you!
You are too injured to fight recklessly!
You barely miss the wyvern zombie.
The wyvern zombie is heavily damaged.
You hit the wyvern zombie but do no damage.
You squeeze the wyvern zombie.
The wyvern zombie is severely damaged.
The wyvern zombie bites you!
* * * LOW HITPOINT WARNING * * *
You hit the wyvern zombie.
The wyvern zombie is severely damaged.
The wyvern zombie bites you!
You die...
Your body crumbles into a pile of gold.

## ##.#
####..Z##
.......@#######
.###.....$....#
##.#######.# ##
#.# #.# #.# ...
#.# ... #.# ...
# #.. #.#


You could see a wyvern zombie.

Vanquished Creatures
  Prince Ribbit (D:5)
  Menkaure (D:5)
  2 black bears
  An ice beast (D:6)
  A necrophage (D:6)
  Blork the orc (D:5)
  3 scorpions
  A howler monkey (D:4)
  A jelly (D:5)
  Crazy Yiuf (D:3)
  4 orc wizards
  A hound skeleton (D:5)
  10 gnolls
  6 adders
  An ufetubus (D:4)
  An adder skeleton (D:4)
  A dart slug (D:1)
  8 orcs
  7 bats
  11 endoplasms
  4 giant cockroaches
  12 goblins
  9 hobgoblins
  8 jackals
  4 quokkas
  13 ball pythons
  3 frilled lizards
  10 kobolds
  13 rats
139 creatures vanquished.

Notes
Turn   | Place    | Note
-------+----------+-------------------------------------------
     0 | D:1      | night the Octopode Ice Elementalist began the quest for the
                  | Orb.
     0 | D:1      | Reached XP level 1. HP: 11/11 MP: 3/3
  1023 | D:1      | Reached XP level 2. HP: 16/17 MP: 0/5
  1543 | D:1      | Reached XP level 3. HP: 15/21 MP: 6/6
  1627 | D:1      | Learned a level 3 spell: Frozen Ramparts
  1631 | D:1      | Learned a level 3 spell: Ozocubu's Armour
  2129 | D:1      | Found Suonanao's Book Shop.
  2432 | D:2      | Reached XP level 4. HP: 22/27 MP: 3/8
  2708 | D:2      | Reached skill level 5 in Ice Magic
  3511 | D:3      | Reached XP level 5. HP: 31/31 MP: 10/10
  3778 | D:3      | Found a runed translucent door.
  3779 | D:3      | Noticed Crazy Yiuf
  3790 | D:3      | Killed Crazy Yiuf
  3948 | D:3      | Reached skill level 1 in Short Blades
  4157 | D:4      | Reached skill level 1 in Fighting
  4334 | D:4      | Found a runed translucent door.
  4334 | D:4      | Noticed tirwA's ghost (novice BaBe)
  4343 | D:4      | Found an opulent altar of Gozag.
  4348 | D:4      | Found Gozag's Platinum Reserve.
  4354 | D:4      | Became a worshipper of Gozag Ym Sagoz the Greedy
  4683 | D:3      | Found a faded altar of an unknown god.
  4761 | D:3      | Reached XP level 6. HP: 38/38 MP: 11/11
  5153 | D:4      | Reached skill level 2 in Fighting
  5153 | D:4      | Reached skill level 2 in Short Blades
  5468 | D:5      | Entered Level 5 of the Dungeon
  5483 | D:5      | Noticed a black bear
  5489 | D:5      | Killed a black bear
  5490 | D:5      | Reached XP level 7. HP: 36/45 MP: 6/13
  5845 | D:5      | Noticed Menkaure
  5852 | D:5      | Killed Menkaure
  6269 | D:5      | Noticed Prince Ribbit
  6282 | D:5      | Killed Prince Ribbit
  6283 | D:5      | Reached skill level 5 in Spellcasting
  6283 | D:5      | Reached XP level 8. HP: 23/54 MP: 8/15
  6559 | D:5      | Identified the +0 robe "Nercha" {rN+ Str+7}
  6636 | D:5      | Noticed Blork the orc
  6646 | D:5      | Killed Blork the orc
  6972 | D:1      | Bought a book of Conjurations for 330 gold pieces
  6977 | D:1      | Learned a level 4 spell: Iskenderun's Mystic Blast
  7105 | D:6      | Reached skill level 1 in Conjurations
  7495 | D:6      | Reached skill level 5 in Short Blades
  7495 | D:6      | Reached skill level 2 in Conjurations
  7506 | D:6      | HP: 7/54 [wyvern zombie (16)]
  7507 | D:6      | Mangled by a wyvern zombie

Illustrated notes

Levels and vault maps discovered:
D:1:      lightli_arrival_boilingwater, layout_basic, serial_shops,
          nicolae_shop_waterfront, corexii_leaking_fountain, st_stairs_3,
          minmay_misc_feat_tower
D:2:      layout_basic, grunt_ministairs_7, kennysheep_generic_room_12
D:3:      minmay_razor_zed, layout_loops_cross, ebering_ecumenical_altar_hall,
          minmay_box_of_dots, uniq_crazy_yiuf_cottage
D:4:      layout_loops_cross, nicolae_gozag_zags_fifth_avenue,
          gammafunk_ghost_grave
D:5:      layout_gridville, uniq_menkaure, uniq_blork_the_orc,
          uniq_prince_ribbit1
D:6:      layout_loops_ring, portal_sewer_entry_d, st_stairs_5,
          minmay_misc_feat_four_crosses, uniq_eustachio

Skill      XL: |  1  2  3  4  5  6  7  8 |
---------------+-------------------------+-----
Spellcasting   | 3 4 5 |  5.8
Ice Magic      | 5 |  5.4
Short Blades   | 1 2 4 5 |  5.0
Fighting       | 1 2 4 |  4.8
Conjurations   | 2 |  2.1
Dodging        | |  2.0
Stealth        | |  2.6

Action                   |  1- 3 |  4- 6 |  7- 9 || total
-------------------------+-------+-------+-------++-------
Melee: Unarmed           |    19 |       |       ||    19
       Constrict         |    18 |    16 |    10 ||    44
       Tentacles         |     6 |    12 |     9 ||    27
       Dagger            |    54 |    94 |    49 ||   197
 Cast: Freeze            |    21 |     4 |     3 ||    28
       Frozen Ramparts   |     6 |     8 |    11 ||    25
       Ozocubu's Armour  |     1 |     3 |     6 ||    10
  Use: Scroll            |     1 |     7 |     2 ||    10
 Stab: Sleeping          |     6 |    24 |     1 ||    31
       Distracted        |       |     1 |       ||     1
Armor: Skin              |     7 |     8 |     7 ||    22
Dodge: Dodged            |    57 |    39 |    20 ||   116

Table legend: (Time is in decaauts)
 A = Elapsed time spent in this place.
 B = Non-inter-level travel time spent in this place.
 C = Inter-level travel time spent in this place.
 D = Time resting spent in this place.
 E = Time spent auto-exploring this place.
 F = Levels seen in this place.
 G = Mean time per level.
                   A        B        C        D        E       F      G
               +--------+--------+--------+--------+--------+-----+--------+
         Total |   7497 |   7212 |    285 |    984 |   5253 |   6 | 1249.5 |
       Dungeon |   7497 |   7212 |    285 |    984 |   5253 |   6 | 1249.5 |
               +--------+--------+--------+--------+--------+-----+--------+

Top non-repeatable levels by time:
     D:1: 2299 daAuts
     D:5: 1449 daAuts
     D:3: 1126 daAuts
     D:2: 1088 daAuts
     D:4: 1067 daAuts
     D:6: 467 daAuts
